AoeStats
← MarcaTenebrosa

Arabia

507410690Analyzed
1v1 RM · 14d ago on Sep 18, 2026· 40m 24s· 2 players
Game mode
Random Map
Map size
Tiny (2 player)
Population
200
Speed
Normal
Resources
Standard
Victory
Conquest
Starting age
Dark Age
Ending age
Imperial Age
RankedLock teamsTeams togetherTeam positionsShared explorationLock speedFull tech treeHidden civsTurbo modeCheats
Victory
Defeat
🇨🇦 Magyars · Canada
942
+16
🇦🇷 Franks · Argentina
932
-38
MarcaTenebrosa
4:11 Loom
12:01 Feudal Age
18:36 Castle Age
17:18 Double-Bit Axe
20:45 Fletching
23:29 Wheelbarrow
23:21 Bodkin Arrow
25:18 Town Watch
27:29 Scale Mail Armor
28:31 Chain Mail Armor
28:31 Pikeman
31:10 Forging
31:12 Squires
34:58 Iron Casting
41:55 Imperial Age
Renzler
6:40 Loom
9:28 Feudal Age
10:28 Double-Bit Axe
21:34 Castle Age
20:45 Bloodlines
20:19 Horse Collar
20:33 Gold Mining
20:33 Stone Mining
22:28 Bow Saw
22:19 Heavy Plow
24:02 Husbandry
26:35 Scale Barding Armor
27:17 Fletching
28:33 Wheelbarrow
29:16 Bodkin Arrow
30:09 Hand Cart
30:17 Hand Cart
32:00 Thumb Ring
33:51 Gold Shaft Mining
36:05 Imperial Age
34:31 Padded Archer Armor
36:57 Leather Archer Armor
37:18 Parthian Tactics
36:18 Heavy Cavalry Archer
37:56 Capped Ram
40:01 Bracer
40:31 Ring Archer Armor
40:37 Ballistics
41:17 Chemistry
Connection lost

Rejoining the realm…

Still unreachable

The connection could not be restored.

Session expired

The server has moved on; the page needs a fresh start.